 Dungeon Crawl Stone Soup version 0.26-a0-800-g517d6fe721 (webtiles) character file.

Game seed: 4874274682208765238

135184 strifetoe the Apostle (level 17, -5/152 HPs)
             Began as a Hill Orc Fighter on Nov 11, 2020.
             Was a High Priest of Beogh.
             Slain by a spark wasp (11 damage)
             ... on level 4 of the Spider Nest on Nov 12, 2020.
             The game lasted 01:24:37 (38970 turns).

strifetoe the Apostle (Hill Orc Fighter)           Turns: 38970, Time: 01:24:38

Health: -5/152     AC: 35    Str: 30    XL:     17   Next: 18%
Magic:  24/32      EV: 11    Int: 11    God:    Beogh [*****.]
Gold:   1311       SH: 13    Dex: 14    Spells: 16/16 levels left

rFire    + + .     SeeInvis +   n - +4 broad axe (freeze)
rCold    + . .     Faith    .   c - +0 kite shield
rNeg     . . .     Spirit   .   o - +10 plate armour {rF+}
rPois    .         Reflect  .   S - +2 helmet {Int+3}
rElec    .         Harm     .   J - scarf {rC+ rF+}
rCorr    .         Rampage  .   (no gloves)
MR       +....                  P - +2 pair of boots of Instinct {Str+4 Dex+4}
Stlth    ..........             (no amulet)
HPRegen  0.35/turn              N - ring "Soxoev" {Slay+3 SInv}
MPRegen  0.23/turn              L - +4 ring of protection

@: studying Invocations
A: walk on water
a: Smiting, Recall Orcish Followers, Give Item to Named Follower, Renounce
Religion


You were on level 4 of the Spider Nest.
You worshipped Beogh.
Beogh was extremely pleased with you.
You visited 4 branches of the dungeon, and saw 27 of its levels.

You collected 2916 gold pieces.
You spent 1605 gold pieces at shops.

Inventory:

Hand Weapons
 h - a +2 trident of pain
 n - a +4 broad axe of freezing (weapon)
 w - the +2 war axe of Prudence {elec, rElec Str+3 SInv Stlth-}
   (You found it on level 5 of the Dungeon)

   Occasionally, upon striking a foe, it will discharge some electrical energy
   and cause terrible harm.
   It affects your strength (+3).
   It insulates you from electricity.
   It lets you see invisible.
   It makes you less stealthy.
 D - a +2 flail of protection
Armour
 c - a +0 kite shield (worn)
 i - a +0 tower shield
 k - the +5 ring mail of the Hidden Vale {+Blink rPois}
   (You found it on level 13 of the Dungeon)

   It protects you from poison.
   It lets you blink.
 o - a +10 plate armour of fire resistance (worn)
 q - a +0 chain mail of fire resistance
 J - a scarf of resistance (worn)
 P - the +2 pair of boots of Instinct (worn) {Str+4 Dex+4}
   (You found it on level 6 of the Lair of Beasts)

   It affects your strength (+4).
   It affects your dexterity (+4).
 S - a +2 helmet of intelligence (worn)
Jewellery
 G - an uncursed amulet of regeneration
 L - a +4 ring of protection (right hand)
 N - the ring "Soxoev" (left hand) {Slay+3 SInv}
   (You found it on level 9 of the Dungeon)

   [ring of see invisible]

   It affects your accuracy and damage with ranged weapons and melee attacks
   (+3).
   It lets you see invisible.
Wands
 a - a wand of paralysis (6)
 g - a wand of disintegration (23)
 y - a wand of polymorph (6)
 A - a wand of enslavement (8)
 C - a wand of digging (6)
 O - a wand of random effects (11)
 Q - a wand of acid (9)
Scrolls
 b - 8 scrolls of identify
 e - 2 scrolls of blinking
 f - 12 scrolls of teleportation
 j - 4 scrolls of fear
 r - 8 scrolls of remove curse
 t - 2 scrolls of amnesia
 u - 4 scrolls of immolation
 x - a scroll of silence
 K - 2 scrolls of enchant weapon
 M - 2 scrolls of fog
 T - a scroll of enchant armour
Potions
 d - 5 potions of might
 l - 4 potions of berserk rage
 m - 2 potions of brilliance
 p - 6 potions of haste
 s - 5 potions of flight
 v - 3 potions of curing
 z - 2 potions of invisibility
 B - a potion of cancellation
 E - 2 potions of mutation
 F - a potion of resistance
Books
 R - a manual of Invocations


   Skills:
 + Level 14.1 Fighting
 + Level 17.8 Axes
 - Level 10.0 Armour
 - Level 8.4 Dodging
 - Level 10.1 Shields
 + Level 22.4 Invocations


You had 16 spell levels left.
You didn't know any spells.
Your spell library contained the following spells:

 Spells                   Type           Power        Failure   Level
 Freeze                   Ice            #...         99%         1
 Sting                    Tmut/Pois      #...         99%         1
 Blink                    Tloc           N/A          100%        2
 Poisonous Vapours        Pois/Air       #.....       100%        2
 Frozen Ramparts          Ice            #.....       100%        3
 Gell's Gravitas          Tloc           #.........   100%        3
 Ignite Poison            Fire/Tmut/Pois #.......     100%        3
 Lesser Beckoning         Tloc           #.........   100%        3
 Mephitic Cloud           Conj/Pois/Air  #.......     100%        3
 Ozocubu's Armour         Ice            #.......     100%        3
 Teleport Other           Tloc           #.......     100%        3
 Hailstorm                Conj/Ice       #.......     100%        4
 Olgreb's Toxic Radiance  Pois           #.......     100%        4
 Passage of Golubria      Tloc           N/A          100%        4
 Summon Ice Beast         Ice/Summ       #.......     100%        4


Dungeon Overview and Level Annotations

Branches:
Dungeon (15/15)            Temple (0/1) D:4            Lair (6/6) D:9
  Swamp (0/4) Lair:2       Spider (4/4) Lair:3        Slime (0/5) Lair:5
    Orc (2/2) D:11            Elf (0/3) Orc:2        Vaults (0/5) D:14
 Depths (0/5) D:15

Altars:
Dithmenos
Elyvilon
Fedhas
Nemelex Xobeh
Sif Muna
Trog
Uskayaw
Wu Jian
Beogh
Jiyva

Shops:
D:8 =   Orc:1 *   Orc:2 [*(?

Portals:
Abyss: D:5

Annotations:
D:3 2 transporters, Spectrina's ghost, weakling DgDe
D:5 2 transporters, YayAnonymity's ghost, novice FoFi
Spider:4 Nergalle


Message History

You slash the spark wasp! You freeze the spark wasp.
The spark wasp is heavily wounded.
The spark wasp stings you but does no damage.
Your orc barely misses the spark wasp.
The emperor scorpion barely misses your orc.
The emperor scorpion claws your orc.
The emperor scorpion claws your orc but does no damage.
You completely miss the spark wasp.
The spark wasp is heavily wounded.
You block the spark wasp's attack.
Your orc completely misses the spark wasp.
The emperor scorpion barely misses your orc. x3
The spark wasp stings you!!
* * * LOW HITPOINT WARNING * * *
The spark wasp shocks you!
* * * LOW HITPOINT WARNING * * *
You hit the spark wasp. You freeze the spark wasp.
The spark wasp is severely wounded.
The spark wasp stings you!
You die...

...#............#
^...............#
#...............#
oo..[....(......#
..o(............#
.o...o^.........##
o..o........(....#
oo?.....(.......y## .^
...............<@o######### #...
.........#.#......s#≈^#.#.#y.s..
...................^......ys#
.....^....^........^.#..).s.#
.o................^#.^#.#.#sys..
......)(.)..^.....######### #...
^...[....).....}.## .s
.......#†).^.....# ≈
.....^)..†...#..##


You could see an emperor scorpion, a spark wasp and a friendly orc.

Vanquished Creatures
  A ghost moth (Spider:4)
  An entropy weaver (Spider:2)
  Nessos (D:14)
  A dire elephant (D:14)
  Azrael (Spider:3)
  The ghost of strifetoe the Apostle, a journeyman HOFi of Beogh (D:12)
  A shambling mangrove (Lair:2)
  A vault guard (D:14)
  2 boulder beetles (D:14)
  2 catoblepae
  4 hydras
  2 death knights
  A centaur warrior (D:13)
  10 two-headed ogres
  4 death yaks
  An ogre mage (D:13)
  2 orc high priests (Orc:2)
  A skeletal warrior (D:15)
  3 unseen horrors
  A lindwurm (Lair:4)
  A wizard (D:13)
  A phantasmal warrior (D:15)
  17 wolf spiders
  9 orb spiders
  An orc knight (Orc:1)
  2 manticores
  A salamander (D:15)
  11 ugly things
  11 elephants
  Maurice (Orc:2)
  2 cyclopes (D:14)
  A black mamba (Lair:1)
  4 demonic crawlers
  4 centaur skeletons
  5 cane toads
  3 komodo dragons (Lair:6)
  3 rime drakes
  A komodo dragon (shapeshifter) (D:13)
  2 freezing wraiths
  A yaktaur (D:13)
  A wandering mushroom (Lair:2)
  3 meliai (D:15)
  4 polar bears
  5 trolls
  15 jumping spiders
  5 hornets
  A dream sheep (Lair:4)
  16 blink frogs
  3 shadows
  A vampire (D:14)
  23 redbacks
  5 wyverns
  A water elemental (D:14)
  2 wraiths
  3 fire elementals (Spider:3)
  15 tarantellas
  46 yaks
  3 basilisks
  9 vampire mosquitoes (D:13)
  Edmund (D:6)
  5 wargs
  5 water moccasins (Lair:6)
  2 acid dragons
  3 hell hounds (Spider:3)
  4 ice beasts
  6 orc warriors
  2 sky beasts
  2 black bears
  An eye of draining (D:13)
  A necrophage (D:11)
  4 phantoms
  9 ogres
  15 wolves
  A tengu (D:10)
  2 centaurs
  19 bullfrogs
  A wyvern zombie (D:12)
  3 scorpions
  A ballistomycete (Lair:2)
  10 killer bees (D:10)
  9 wights
  A howler monkey (D:10)
  6 electric eels
  2 bullfrog zombies
  3 centaur zombies
  A jelly (D:10)
  7 orc priests
  2 orc wizards
  2 gnoll shamans
  10 hounds
  2 iguanas
  Jessica (D:3)
  Natasha (thrice) (D:4)
  8 hell rats (Lair:1)
  15 worker ants
  4 hound zombies
  3 worker ant zombies
  2 howler monkey zombies
  9 gnolls
  2 gnoll zombies (D:6)
  A howler monkey skeleton (D:9)
  An orc zombie (D:6)
  7 river rats (Lair:1)
  16 adders
  A shadow imp (D:7)
  13 white imps
  2 ufetubi
  4 oozes
  4 adder skeletons
  7 worms
  A dart slug (D:2)
  9 leopard geckos
  13 orcs
  8 giant cockroaches
  10 goblins
  9 hobgoblins
  23 jackals
  3 kobolds
  11 quokkas
  2 ball pythons
  5 bats
  6 frilled lizards
  A leopard gecko zombie (D:6)
  A quokka skeleton (D:6)
  A quokka zombie (D:5)
  16 rats
  2 ballistomycete spores (Lair:2)
649 creatures vanquished.

Vanquished Creatures (collateral kills)
  Saint Roka (Orc:2)
  3 ghost moths
  Louise (Spider:1)
  2 emperor scorpions
  2 entropy weavers (Spider:4)
  3 spark wasps (Spider:4)
  2 vault guards (D:14)
  A great orb of eyes (D:15)
  6 hydras
  A merfolk avatar (Lair:6)
  3 boulder beetles
  3 two-headed ogres
  5 death yaks
  An ogre mage (D:15)
  4 orc knights
  13 wolf spiders
  3 manticores
  A deep elf mage (D:12)
  4 orc sorcerers
  4 ugly things (D:14)
  2 cyclopes
  2 orb spiders
  6 elephants
  A moth of wrath (Spider:4)
  An oklob plant (Lair:2)
  A black mamba (Lair:2)
  2 centaur skeletons
  A torpor snail (Spider:1)
  6 cane toads
  A gargoyle (D:12)
  6 demonic crawlers
  A freezing wraith (D:15)
  5 komodo dragons
  A troll (D:15)
  6 polar bears
  2 wind drakes (Lair:6)
  7 jumping spiders
  6 hornets
  9 blink frogs
  21 redbacks
  23 yaks
  3 wyverns
  4 tarantellas
  A golden eye (shapeshifter) (D:14)
  4 basilisks
  A vampire mosquito (D:13)
  4 wargs
  8 water moccasins
  11 orc warriors
  A hornet zombie (D:15)
  5 ogres
  A black bear (D:11)
  An eye of draining (D:14)
  A centaur (D:8)
  13 wolves
  4 bullfrogs
  A wight (D:8)
  An electric eel (D:9)
  A bullfrog zombie (D:9)
  A centaur zombie (D:9)
  3 hounds (D:9)
  3 orc priests
  A jelly (D:12)
  7 orc wizards
  A bullfrog skeleton (D:11)
  2 hell rats (Lair:1)
  A worker ant zombie (D:8)
  An adder (D:11)
  5 gnolls
  8 river rats (Lair:1)
  A white imp (D:11)
  20 orcs
  A giant cockroach (D:8)
  3 jackals (D:11)
  2 quokkas
  A leopard gecko skeleton (D:9)
  4 rats (Lair:1)
  A fungus (Lair:2)
304 creatures vanquished.

Vanquished Creatures (others)
  An orc warlord (Spider:4)
  A vault guard (D:14)
  4 orc knights
  Nergalle (Spider:4)
  11 orc warriors
  An orc sorcerer (Orc:2)
  A moth of wrath (Spider:4)
  A redback (Spider:4)
  An ogre (Orc:2)
  15 orc priests
  13 orc wizards
  45 orcs
  5 ballistomycete spores (Lair:2)
  35 fungi
  93 plants
  A withered plant (D:6)
229 creatures vanquished.

Grand Total: 1182 creatures vanquished

Notes
Turn   | Place    | Note
-------+----------+-------------------------------------------
     0 | D:1      | strifetoe the Hill Orc Fighter began the quest for the Orb.
     0 | D:1      | Reached XP level 1. HP: 19/19 MP: 1/1
   143 | D:1      | Reached XP level 2. HP: 26/26 MP: 2/2
   218 | D:2      | Reached skill level 5 in Axes
   218 | D:2      | Reached XP level 3. HP: 23/31 MP: 3/3
   652 | D:4      | Noticed Natasha
   661 | D:4      | Killed Natasha
   661 | D:4      | Reached XP level 4. HP: 12/39 MP: 4/4
  1026 | D:4      | Reached XP level 5. HP: 38/45 MP: 5/5
  1192 | D:4      | Noticed Natasha
  1198 | D:4      | Killed Natasha
  1282 | D:4      | Noticed Natasha
  1304 | D:4      | Killed Natasha
  1479 | D:5      | Entered Level 5 of the Dungeon
  1481 | D:5      | Became a worshipper of Beogh the Brigand
  1556 | D:2      | Found a bloodstained altar of Trog.
  1648 | D:2      | Reached XP level 6. HP: 51/51 MP: 6/6
  1930 | D:1      | Reached skill level 1 in Invocations
  2437 | D:2      | Reached * piety under Beogh
  2771 | D:3      | Found a sparkling altar of Nemelex Xobeh.
  2810 | D:3      | Reached skill level 2 in Invocations
  3052 | D:3      | Found a transporter.
  3052 | D:3      | Noticed Spectrina's ghost (weakling DgDe)
  3075 | D:3      | Found a transporter.
  3077 | D:3      | Noticed Jessica
  3086 | D:3      | Killed Jessica
  3116 | D:3      | Reached skill level 3 in Invocations
  3667 | D:4      | Found a staircase to the Ecumenical Temple.
  3963 | D:5      | Reached ** piety under Beogh
  3963 | D:5      | Reached XP level 7. HP: 42/57 MP: 9/9
  4499 | D:5      | Got a transparent war axe
  4500 | D:5      | Identified the +2 war axe of Prudence {elec, rElec Str+3
                  | SInv Stlth-} (You found it on level 5 of the Dungeon)
  4502 | D:5      | Reached skill level 4 in Invocations
  4642 | D:5      | Found a transporter.
  4664 | D:5      | Found a transporter.
  4670 | D:5      | Found a one-way gate to the infinite horrors of the Abyss.
  4670 | D:5      | Noticed YayAnonymity's ghost (novice FoFi)
  5036 | D:6      | Found the +5 robe of Misfortune {*Contam Harm *Corrode
                  | *Drain *Slow EV+5}
  5057 | D:6      | Found a transporter.
  5062 | D:6      | Reached skill level 5 in Invocations
  5187 | D:6      | Reached skill level 10 in Axes
  5187 | D:6      | Reached skill level 6 in Invocations
  5187 | D:6      | Reached XP level 8. HP: 58/64 MP: 12/12
  5365 | D:6      | Found a transporter.
  5437 | D:6      | Noticed Edmund
  5443 | D:6      | Killed Edmund
  5443 | D:6      | Reached skill level 7 in Invocations
  6151 | D:7      | Reached skill level 5 in Fighting
  6331 | D:7      | Reached *** piety under Beogh
  6388 | D:7      | Reached skill level 8 in Invocations
  6447 | D:7      | Reached XP level 9. HP: 71/74 MP: 15/15
  6811 | D:8      | Noticed a two-headed ogre
  6818 | D:8      | Killed a two-headed ogre
  6818 | D:8      | Reached skill level 9 in Invocations
  6960 | D:8      | Found a shimmering blue altar of Sif Muna.
  6961 | D:8      | Found a white marble altar of Elyvilon.
  6962 | D:8      | Found a hide-covered altar of Uskayaw.
  6962 | D:8      | Found an ornate altar of the Wu Jian Council.
  6969 | D:8      | Found a blossoming altar of Fedhas.
  6969 | D:8      | Found a shadowy altar of Dithmenos.
  7481 | D:8      | Found Qaas's Jewellery Shoppe.
  7491 | D:8      | Reached skill level 10 in Invocations
  7526 | D:8      | Reached XP level 10. HP: 87/88 MP: 17/17
  7651 | D:9      | Got an ancient steel ring
  7680 | D:9      | Noticed a two-headed ogre
  7687 | D:9      | Killed a two-headed ogre
  7687 | D:9      | Reached **** piety under Beogh
  7693 | D:9      | Gained Wulfoc as an ally
  7695 | D:9      | Reached skill level 11 in Invocations
  7857 | D:9      | Identified the ring "Soxoev" {Slay+3 SInv} (You found it on
                  | level 9 of the Dungeon)
  8148 | D:9      | Found a staircase to the Lair.
  8502 | D:9      | Reached skill level 10 in Fighting
  8503 | D:9      | Reached XP level 11. HP: 89/99 MP: 19/19
  8700 | D:10     | Entered Level 10 of the Dungeon
  8719 | D:10     | Reached skill level 12 in Invocations
  8835 | D:10     | Reached ***** piety under Beogh
  9185 | D:10     | Noticed a two-headed ogre
  9190 | D:10     | Killed a two-headed ogre
  9194 | D:10     | Noticed Nergalle
  9488 | D:10     | Noticed Sonja
  9492 | D:10     | Noticed Sonja
  9492 | D:10     | Sonja changed into Sonja the tengu
  9496 | D:10     | Killed Sonja the tengu
  9692 | D:10     | Noticed Urug
 10406 | D:11     | Found a staircase to the Orcish Mines.
 10411 | D:11     | Noticed an unseen horror
 10413 | D:11     | Reached skill level 13 in Invocations
 10418 | D:11     | Killed an unseen horror
 10681 | D:11     | Reached skill level 15 in Axes
 10700 | D:11     | Noticed a seven-headed hydra
 10710 | D:11     | Killed a seven-headed hydra
 11093 | D:11     | Found a frozen archway.
 11416 | D:11     | Noticed a manticore
 11423 | D:11     | Killed a manticore
 11595 | D:11     | Noticed a five-headed hydra
 11604 | D:11     | Killed an eight-headed hydra
 11604 | D:11     | Reached XP level 12. HP: 49/112 MP: 22/22
 12799 | D:12     | Noticed a two-headed ogre
 12811 | D:12     | Killed a two-headed ogre
 12811 | D:12     | Reached skill level 1 in Dodging
 13088 | D:12     | Noticed a two-headed ogre
 13094 | D:12     | Killed a two-headed ogre
 13200 | D:12     | Reached skill level 5 in Armour
 13494 | D:12     | Found a runed translucent gate.
 13494 | D:12     | Found a runed translucent gate.
 13494 | D:12     | Found a runed translucent gate.
 13788 | D:12     | Noticed strifetoe's ghost (journeyman HOFi)
 13789 | D:12     | Identified the +9 flail of the Twelve Friars {flame, rPois
                  | rC+ Int-4 Dex+3}
 13791 | D:12     | Found a roughly hewn altar of Beogh.
 13800 | D:12     | Killed strifetoe's ghost
 14261 | Lair:1   | Entered Level 1 of the Lair of Beasts
 14552 | Lair:1   | Gained Zorug as an ally
 14653 | Lair:1   | Reached ****** piety under Beogh
 15008 | Lair:1   | Noticed a six-headed hydra
 15016 | Lair:1   | Killed an eight-headed hydra
 15016 | Lair:1   | Reached skill level 5 in Dodging
 15520 | Lair:1   | Reached XP level 13. HP: 110/118 MP: 23/23
 15531 | Lair:1   | Gained Dorog as an ally
 16321 | Lair:2   | Found a staircase to the Swamp.
 16338 | Lair:2   | Your ally Wulfoc died
 16472 | Lair:2   | You fall into a shaft and drop 2 floors!
 17201 | Lair:2   | Noticed a shambling mangrove
 17201 | Lair:2   | an oklob plant changed into a shambling mangrove
 17215 | Lair:2   | Killed a shambling mangrove
 17577 | Lair:2   | Upgraded the game from 0.26-a0-778-g3fe0686644 to
                  | 0.26-a0-800-g517d6fe721
 18613 | Lair:3   | Found a hole to the Spider Nest.
 19710 | Lair:3   | Reached skill level 10 in Armour
 19733 | Lair:3   | Reached skill level 14 in Invocations
 20708 | Lair:5   | Found a viscous altar of Jiyva.
 20708 | Lair:5   | Found a staircase to the Slime Pits.
 20788 | Lair:4   | Gained Gorm as an ally
 20788 | Lair:4   | Reached skill level 5 in Shields
 21566 | Lair:4   | Reached XP level 14. HP: 126/126 MP: 24/24
 22373 | Lair:6   | Entered Level 6 of the Lair of Beasts
 22718 | Lair:6   | Reached skill level 15 in Invocations
 22884 | Lair:6   | Gained Koronagh as an ally
 23509 | Lair:6   | Got a pair of scorched boots
 23630 | Lair:6   | Reached skill level 16 in Invocations
 24274 | Lair:6   | Identified the +2 pair of boots of Instinct {Str+4 Dex+4}
                  | (You found it on level 6 of the Lair of Beasts)
 26222 | D:13     | Got a buzzing ring mail
 26233 | D:13     | Identified the +5 ring mail of the Hidden Vale {+Blink
                  | rPois} (You found it on level 13 of the Dungeon)
 26507 | D:13     | Reached XP level 15. HP: 103/132 MP: 27/27
 26681 | D:13     | Reached skill level 10 in Shields
 27115 | D:14     | Reached skill level 17 in Invocations
 27344 | D:14     | Gained Morbeogh as an ally
 27904 | D:14     | Reached skill level 18 in Invocations
 27925 | D:14     | Noticed Nessos
 27929 | D:14     | Killed Nessos
 28230 | D:14     | Found a gate to the Vaults.
 28629 | D:15     | Entered Level 15 of the Dungeon
 28744 | D:15     | Found a staircase to the Depths.
 28839 | D:14     | Reached skill level 19 in Invocations
 29772 | D:15     | Paralysed by a great orb of eyes for 2 turns
 30005 | D:15     | Gained Morbeogh as an ally
 30291 | D:15     | Reached skill level 20 in Invocations
 30748 | Orc:1    | Entered Level 1 of the Orcish Mines
 30768 | Orc:1    | Gained Rocco as an ally
 30770 | Orc:1    | Your ally Rocco died
 30912 | Orc:2    | Entered Level 2 of the Orcish Mines
 30912 | Orc:2    | Noticed Maurice
 30916 | Orc:2    | Killed Maurice
 30921 | Orc:2    | Noticed an orc warlord
 31149 | Orc:2    | Found a staircase to the Elven Halls.
 31269 | Orc:2    | Found a roughly hewn altar of Beogh.
 31270 | Orc:2    | Found Itohesek's Assorted Antiques.
 31288 | Orc:2    | Bought a glowing broad axe for 175 gold pieces
 31380 | Orc:2    | Gained Murdo as an ally
 31383 | Orc:2    | Noticed Saint Roka
 31391 | Orc:2    | Gained Rocco as an ally
 31393 | Orc:2    | Your ally Rocco died
 31399 | Orc:2    | Killed Saint Roka
 31399 | Orc:2    | Gained Orik as an ally
 31399 | Orc:2    | Reached XP level 16. HP: 28/139 MP: 28/30
 31401 | Orc:2    | Gained Orbeogh as an ally
 31668 | Orc:2    | Found Raic's Antique Weapon Shop.
 31668 | Orc:2    | Found a roughly hewn altar of Beogh.
 31669 | Orc:2    | Found Qor Sugo's Antique Armour Boutique.
 31687 | Orc:2    | Bought a crystal glaive for 218 gold pieces
 31687 | Orc:2    | Bought a smoking spear for 152 gold pieces
 31687 | Orc:2    | Bought a buzzing spear for 152 gold pieces
 31757 | Orc:2    | Gained Morun as an ally
 31759 | Orc:2    | Identified the cursed +1 glaive "Jiunuamp" {vorpal, rPois
                  | rC+} (You bought it in a shop on level 2 of the Orcish
                  | Mines)
 31761 | Orc:2    | Identified the +10 spear of the Final Decision {protect,
                  | Dex+3} (You bought it in a shop on level 2 of the Orcish
                  | Mines)
 31762 | Orc:2    | Identified the +12 spear of Pyqalur {vorpal, *Rage rElec
                  | rPois rN+++} (You bought it in a shop on level 2 of the
                  | Orcish Mines)
 32108 | Orc:2    | Found a roughly hewn altar of Beogh.
 32108 | Orc:2    | Found Cuyl's Magic Scroll Shop.
 32116 | Orc:2    | Bought a scroll of enchant weapon for 97 gold pieces
 32116 | Orc:2    | Bought a scroll of enchant armour for 97 gold pieces
 32116 | Orc:2    | Bought a scroll of enchant armour for 97 gold pieces
 32116 | Orc:2    | Bought a scroll of magic mapping for 45 gold pieces
 32268 | Orc:2    | Found a roughly hewn altar of Beogh.
 32329 | Orc:2    | Bought a runed plate armour for 572 gold pieces
 32436 | Orc:1    | Found a roughly hewn altar of Beogh.
 32457 | Orc:1    | Found Iykhlet's Incredible Inventory.
 32460 | Orc:1    | Gained Ortolf as an ally
 32466 | Orc:1    | Gained Bogbarth as an ally
 32516 | Orc:1    | Gained Berold as an ally
 32536 | Orc:1    | Your ally Berold died
 32536 | Orc:1    | Your ally Ortolf died
 32537 | Orc:1    | Paralysed by an orc sorcerer for 7 turns
 32949 | Spider:1 | Entered Level 1 of the Spider Nest
 33224 | Spider:1 | Reached skill level 21 in Invocations
 33724 | Spider:1 | Gained Worak as an ally
 34373 | Spider:1 | You fall into a shaft and drop 1 floor!
 34373 | Spider:2 | Noticed Louise
 34716 | Spider:1 | Killed Louise
 36457 | Spider:3 | Noticed Azrael
 36614 | Spider:3 | Killed Azrael
 37886 | Spider:4 | Entered Level 4 of the Spider Nest
 37899 | Spider:4 | Your ally Koronagh died
 38217 | Spider:4 | Identified 2 scrolls of acquirement
 38217 | Spider:4 | Acquired a manual of Invocations
 38218 | Spider:4 | Acquired a scarf of resistance
 38622 | Spider:4 | Reached XP level 17. HP: 136/151 MP: 31/31
 38623 | Spider:4 | Reached skill level 22 in Invocations
 38655 | Spider:4 | Your ally Morbeogh died
 38718 | Spider:4 | Your ally Zorug died
 38736 | Spider:4 | Your ally Morun died
 38739 | Spider:4 | Your ally died
 38969 | Spider:4 | HP: 6/152 [spark wasp (15)]
 38970 | Spider:4 | Slain by a spark wasp

Illustrated notes

Levels and vault maps discovered:
D:1:      arrival_zaba_pyramid, layout_basic, dk_noncrumbling_4
D:2:      layout_loops_ring, trog_butcher_becter
D:3:      layout_loops_ring, gammafunk_ghost_stat_death,
          nemelex_dance_club_becter, uniq_jessica
D:4:      layout_loops_cross, minmay_temple_entry_nine_rooms, uniq_natasha
D:5:      layout_loops_cross, gammafunk_ghost_abyssal_escape
D:6:      gammafunk_cloud_chamber, layout_rooms, serial_undead, serial_undead_b,
          serial_undead_b, serial_undead_b, serial_undead_d, uniq_edmund
D:7:      layout_loops_cross
D:8:      layout_loops_ring, grunt_temple_overflow_open, serial_shops,
          nicolae_shop_temple_entry_statues_fountains
D:9:      layout_cave_pods, erik_lair_island
D:10:     layout_stronghold, uniq_sonja, uniq_nergalle, uniq_urug
D:11:     layout_irregular_city, david_orc_3, portal_ice_cave_entry_imps
D:12:     layout_grid_maze, biasface_ghost_orc_armoury
D:13:     layout_loops_ring
D:14:     minmay_ambush_box, layout_cave_pods,
          lightli_vaults_fourway_checkpoint, chequers_big_river, uniq_nessos
D:15:     hangedman_depths_entry_try_elsewhere_first, layout_basic,
          chequers_decorated_corner, chequers_jeans
Lair:1:   lemuel_ratsnest, layout_layer_cave, cheibrodos_lair_caveside_slide,
          serial_bayou_shore_b
Lair:2:   layout_hall_layers, swamp_mist_pool, minmay_lair_oklob_chamber
Lair:3:   layout_cave_pods, nicolae_spider_entry_non_spiders
Lair:4:   layout_roguey, st_stairs_13
Lair:5:   layout_cave_pods, dpeg_slime_entry_enclosed_altar, st_stairs_11,
          minmay_stone_trees_large, cheibrodos_lair_lostbears
Lair:6:   gammafunk_lair_ancient_temple, layout_hall_layers
Spider:1: layout_spider_delve
Spider:2: layout_spider_delve, uniq_louise
Spider:3: layout_spider_delve, nicolae_spider_cling_ruins, uniq_azrael
Spider:4: guppyfry_spider_rune, drop_trap
Orc:1:    layout_caves, nicolae_alphabet_shops, mines1_david
Orc:2:    grunt_orc_community_town_hall, layout_caves,
          grunt_orc_community_big_house_1, grunt_orc_community_big_house_1,
          grunt_orc_community_house_2, grunt_orc_community_house_3,
          grunt_orc_community_house_1, grunt_orc_community_house_3,
          mines5_lemuel, uniq_maurice

Skill      XL: |  1  2  3  4  5  6  7  8  9 10 11 12 13 14 15 16 17 |
---------------+----------------------------------------------------+-----
Axes           | 3 5 6 7 8 10 11 12 13 15 16 17 | 17.8
Invocations    | 3 6 8 10 11 13 14 16 20 21 22 | 22.4
Fighting       | 5 7 10 11 12 13 14 | 14.1
Dodging        | 5 7 8 |  8.4
Armour         | 8 10 | 10.0
Shields        | 5 9 10 | 10.1

Action                   |  1- 3 |  4- 6 |  7- 9 | 10-12 | 13-15 | 16-18 || total
-------------------------+-------+-------+-------+-------+-------+-------++-------
Melee: War axe           |    91 |   219 |   226 |   400 |   792 |       ||  1728
       Flail             |       |       |       |    11 |    10 |       ||    21
       Broad axe         |       |       |       |       |     8 |   359 ||   367
Invok: Convert to Beogh  |       |     1 |       |       |       |       ||     1
       Recall Orcish Fol |       |       |       |     3 |     5 |     5 ||    13
       Smiting           |       |       |       |       |     8 |    14 ||    22
       Give Item to Name |       |       |       |       |     2 |     4 ||     6
       Stop Recall       |       |       |       |       |       |     2 ||     2
       Resurrection      |       |       |       |       |       |     1 ||     1
Evoke: Wand              |       |       |     5 |    17 |    32 |       ||    54
  Use: Potion            |       |       |     3 |     2 |     5 |     5 ||    15
       Scroll            |       |       |       |    17 |    11 |    21 ||    49
 Stab: Distracted        |       |       |       |     3 |     9 |     5 ||    17
       Held in net/web   |       |       |       |       |       |     1 ||     1
Armor: Scale mail        |    39 |    86 |    39 |       |       |       ||   164
       Chain mail        |       |       |    87 |    88 |       |       ||   175
       Skin              |       |       |       |    14 |       |       ||    14
       Plate armour      |       |       |       |    55 |   330 |   415 ||   800
       Ring mail         |       |       |       |       |    86 |    15 ||   101
Dodge: Dodged            |    22 |    74 |    60 |   106 |   311 |   265 ||   838
Block: Kite shield       |    32 |    98 |   104 |   183 |   480 |   437 ||  1334

Table legend: (Time is in decaauts)
 A = Elapsed time spent in this place.
 B = Non-inter-level travel time spent in this place.
 C = Inter-level travel time spent in this place.
 D = Time resting spent in this place.
 E = Time spent auto-exploring this place.
 F = Levels seen in this place.
 G = Mean time per level.
                   A        B        C        D        E       F      G
               +--------+--------+--------+--------+--------+-----+--------+
         Total |  38931 |  37609 |   1322 |  11321 |  17713 |  27 | 1441.9 |
       Dungeon |  20669 |  19825 |    844 |   6040 |  10373 |  15 | 1377.9 |
          Lair |  10758 |  10339 |    419 |   2684 |   4560 |   6 | 1793.0 |
   Spider Nest |   5482 |   5482 |      0 |   2382 |   1502 |   4 | 1370.5 |
  Orcish Mines |   2021 |   1963 |     58 |    215 |   1278 |   2 | 1010.5 |
               +--------+--------+--------+--------+--------+-----+--------+

Top non-repeatable levels by time:
  Lair:2: 2434 daAuts
    D:12: 2396 daAuts
    D:14: 2214 daAuts
    D:11: 2124 daAuts
  Lair:3: 2041 daAuts
  Lair:6: 1822 daAuts
     D:4: 1806 daAuts
    D:13: 1779 daAuts
    D:10: 1756 daAuts
Spider:2: 1719 daAuts
  Lair:1: 1711 daAuts
  Lair:5: 1664 daAuts
Spider:1: 1621 daAuts
    D:15: 1497 daAuts
   Orc:2: 1438 daAuts
